 Dungeon Crawl Stone Soup version 0.17.1-3-g152610e (webtiles) character file.

37 jacquesderrida the Firebug (level 3, -4/25 HPs)
             Began as a Demonspawn Fire Elementalist on Mar 30, 2016.
             Killed by divine providence
             ... invoked by an orc priest
              (8 damage)
             ... on level 3 of the Dungeon.
             The game lasted 00:03:52 (649 turns).

jacquesderrida the Firebug (DsFE)                    Turns: 649, Time: 00:03:52

Health: -4/25      AC:  6    Str:  9    XL:     3   Next: 21%
Magic:  0/6        EV: 12    Int: 16    God:
Gold:   95         SH:  0    Dex: 13    Spells: 1 memorised, 5 levels left

rFire  . . .     SeeInvis .     l - +0 whip
rCold  . . .     Clarity  .     a - +0 robe
rNeg   . . .     SustAt   .     (no shield)
rPois  .         Gourm    .     (helmet restricted)
rElec  .         Spirit   .     (no cloak)
rCorr  .         Warding  .     f - +0 pair of gloves
rMut   .         Stasis   .     e - +0 pair of boots
MR     .....                    (no amulet)
Stlth  ++........               (no ring)
                                (no ring)

@: not resistant to hostile enchantments, unstealthy
A: horns 1, slimy green scales 1
a: no special abilities


You were on level 3 of the Dungeon.
You were not hungry.

You visited 1 branch of the dungeon, and saw 3 of its levels.

You collected 95 gold pieces.

Inventory:

Hand Weapons
 l - a +0 whip (weapon)
 o - a +0 war axe
Armour
 a - a +0 robe (worn)
 e - a +0 pair of boots (worn)
 f - a +0 pair of gloves (worn)
Scrolls
 g - a scroll of enchant weapon {unknown}
 j - a scroll of noise {unknown}
 k - a scroll of magic mapping {unknown}
 n - 2 scrolls of amnesia {unknown}
 p - a scroll of immolation {unknown}
Potions
 h - a potion of curing {unknown}
 m - a potion of haste {unknown}
Books
 b - a book of Flames

   Spells                             Type                      Level
   a - Flame Tongue                   Conjuration/Fire             1
   b - Throw Flame                    Conjuration/Fire             2
   c - Conjure Flame                  Conjuration/Fire             3
   d - Inner Flame                    Hexes/Fire                   3
   e - Sticky Flame                   Conjuration/Fire             4
   f - Fireball                       Conjuration/Fire             5
Comestibles
 c - 2 bread rations
 d - 2 meat rations
 i - a royal jelly
 q - a slice of pizza


   Skills:
 - Level 0.4 Fighting
 - Level 2.0 Dodging
 - Level 1.9 Stealth
 + Level 2.2 Spellcasting
 + Level 1.3 Conjurations
 + Level 3.3 Fire Magic


You had 5 spell levels left.
You knew the following spells:

 Your Spells              Type           Power        Failure   Level  Hunger
a - Flame Tongue          Conj/Fire      #....        10%         1    #......


Dungeon Overview and Level Annotations

Branches:
Dungeon (3/15)

Altars:
Nemelex Xobeh


Innate Abilities, Weirdness & Mutations

You have a pair of small horns on your head.
You are partially covered in slimy green scales (AC +2).


Message History

The orc hits you but does no damage.
You completely miss the orc priest.
The orc priest hits you with a falchion.
The orc barely misses you.
You hit the orc priest.
The orc priest is moderately wounded.
The orc priest closely misses you. The orc hits you with a hand axe.
* * * LOW HITPOINT WARNING * * *
The orc barely misses you.
You barely miss the orc priest.
The orc priest is moderately wounded.
The orc closely misses you.
The orc priest hits you with a falchion.
* * * LOW HITPOINT WARNING * * *
The orc misses you.
You barely miss the orc priest.
The orc priest is moderately wounded.
The orc priest mumbles some strange prayers to Beogh against you.
Something smites you!
You die...

#.###'# ###.#
#.#
#...###.###.#
#...........#
#.......#####
.....)..#
#.......#
#.......#
#......@#
......ooo#
###...(r...
#...........
##.........##
#......#....
......#######
......##


You could see an orc priest, 2 orcs and a rat.

Vanquished Creatures
  3 adders
  2 giant geckos
  2 hobgoblins
  A bat (D:2)
  A giant newt (D:2)
  A goblin (D:1)
  A kobold (D:3)
  2 rats
13 creatures vanquished.

Notes
Turn   | Place    | Note
--------------------------------------------------------------
     0 | D:1      | jacquesderrida the Demonspawn Fire Elementalist began the quest for the Orb.
     0 | D:1      | Reached XP level 1. HP: 13/13 MP: 3/3
   260 | D:2      | Found a faded altar to an unknown god.
   275 | D:2      | Reached skill level 3 in Fire Magic
   275 | D:2      | Gained mutation: You have a pair of small horns on your head. [demonic ancestry]
   275 | D:2      | Reached XP level 2. HP: 19/19 MP: 1/5
   621 | D:3      | Found a sparkling altar of Nemelex Xobeh.
   633 | D:3      | Gained mutation: You are partially covered in slimy green scales (AC +2). [demonic ancestry]
   633 | D:3      | Reached XP level 3. HP: 18/25 MP: 3/6
   649 | D:3      | Killed from afar by an orc priest

Action                   || total
-------------------------++-------
Melee: Whip              ||    14
 Cast: Flame Tongue      ||    26
